 Dungeon Crawl Stone Soup version 0.30.1-11-g7821555f0a (webtiles) character file.

Game seed: 2684943232236813341

5049 porpoise the Skirmisher (level 10, 0/62 (71) HPs)
             Began as a Barachi Hunter on Dec 31, 2023.
             Was a Priest of Hepliaklqana.
             Slain by a death yak (14 damage)
             ... on level 8 of the Dungeon.
             The game lasted 00:24:54 (6964 turns).

porpoise the Skirmisher (Barachi Hunter)            Turns: 6964, Time: 00:24:55

HP:   0/62 (71)     AC:  9    Str: 12    XL:     10   Next: 56%
MP:   11/11         EV: 13    Int: 11    God:    Hepliaklqana [***...]
Gold: 391           SH:  7    Dex: 19    Spells: 5/9 levels left

rFire   . . .        a - +2 sling (heavy)
rCold   . . .        c - +1 buckler
rNeg    . . .        B - +0 steam dragon scales
rPois   .            M - +0 helmet
rElec   .            (no cloak)
rCorr   .            N - +1 pair of gloves
SInv    .            (no boots)
Will    .....        d - amulet of the acrobat
Stlth   ++           (no ring)
HPRegen 0.30/turn    (no ring)
MPRegen 0.12/turn

%: acrobat
@: hasted, heavily drained, quick
A: reduced essence, amphibious, slowness 1, strong legs 1, +LOS
a: Hop, Renounce Religion, Recall Ancestor, Ancestor Identity, Transference


You were on level 8 of the Dungeon.
You worshipped Hepliaklqana.
Hepliaklqana was most pleased with you.
You visited 2 branches of the dungeon, and saw 10 of its levels.

You collected 486 gold pieces.
You spent 95 gold pieces at shops.

Inventory:

Hand Weapons
 a - a +2 heavy sling (weapon)
 b - a +3 long sword of freezing
 w - a +1 dagger of venom
Missiles
 I - 13 poisoned darts
Armour
 c - a +1 buckler (worn)
 f - a +1 leather armour of fire resistance
 B - +0 steam dragon scales (worn)
 J - a +1 plate armour of fire resistance
 M - a +0 helmet (worn)
 N - a +1 pair of gloves (worn)
Jewellery
 d - an amulet of the acrobat (around neck)
 n - an amulet of guardian spirit
 y - an amulet of magic regeneration
 F - a ring of magical power
 K - an amulet of faith
Wands
 D - a wand of roots (23)
 G - a wand of flame (73)
Scrolls
 g - a scroll of immolation
 k - 4 scrolls of amnesia
 l - a scroll of noise {unknown}
 o - a scroll of fog {unknown}
 p - a scroll of enchant weapon {unknown}
 q - 5 scrolls of teleportation
 r - a scroll of magic mapping
 x - 2 scrolls of enchant armour
 z - a scroll of torment
 A - a scroll of brand weapon {unknown}
 C - a scroll of acquirement {unknown}
 H - a scroll of blinking {unknown}
 L - a scroll of poison {unknown}
Potions
 e - a potion of ambrosia {unknown}
 h - 2 potions of heal wounds
 i - a potion of lignification {unknown}
 j - a potion of haste
 m - 4 potions of mutation
 s - 2 potions of might
 t - a potion of resistance {unknown}
 u - a potion of degeneration {unknown}
 v - 6 potions of curing
 E - a potion of cancellation {unknown}


   Skills:
 - Level 7.0 Fighting
 * Level 12.7 Ranged Weapons
 - Level 5.1 Armour
 + Level 3.7 Dodging
 - Level 0.8 Stealth
 - Level 5.0 Shields
 + Level 2.2 Invocations


You had 5 spell levels left.
You knew the following spells:

 Your Spells              Type           Power      Damage    Failure   Level
o - Olgreb's Toxic Radia  Pois           0%         N/A       99%         4

Your spell library contained the following spells:

 Spells                   Type           Power      Damage    Failure   Level
 Sandblast                Erth           0%         2d4       43%         1
 Sting                    Tmut/Pois      0%         1d3       43%         1
 Passwall                 Tmut/Erth      0%         N/A       56%         2
 Poisonous Vapours        Pois/Air       0%         N/A       56%         2
 Portal Projectile        Hex/Tloc       0%         N/A       80%         3
 Stone Arrow              Conj/Erth      0%         3d7       80%         3
 Tukima's Dance           Hex            0%         N/A       80%         3
 Blade Hands              Tmut           0%         N/A       100%        5


Dungeon Overview and Level Annotations

Branches:
Dungeon (9/15)             Temple (1/1) D:5            Lair (0/5) D:9
    Orc: D:9-12

Altars:
Ashenzari
Cheibriados
Dithmenos
Elyvilon
Fedhas
Gozag
Hepliaklqana
Kikubaaqudgha
Makhleb
Nemelex Xobeh
Okawaru
Qazlal
Ru
Sif Muna
Trog
Uskayaw
Vehumet
Wu Jian
Yredelemnul
The Shining One

Shops:
D:1 !   D:3 (   D:5 [   D:7 :


Innate Abilities, Weirdness & Mutations

Your life essence is reduced to manifest your ancestor. (-10% HP)
You are amphibious.
You cover ground slowly.
You can hop short distances.
You have an extended range of vision and can be seen from far away.


Message History

The death yak gores you but does no damage.
The hell rat bites you.
You feel drained.
Fire: a) +2 sling (heavy)
Press: ? - help, Q - select action, (/) - cycle Shift-Dir - straight line, f/p - death yak
Aim: a death yak (severely wounded, 83% to hit)
You shoot a sling bullet. The sling bullet hits the death yak!
The death yak is almost dead.
The hell rat misses you. The death yak gores you!!
* * * LOW HITPOINT WARNING * * *
You feel much better. The hell rat closely misses you.
You block the death yak's attack.
Fire: a) +2 sling (heavy)
Press: ? - help, Q - select action, (/) - cycle Shift-Dir - straight line, f/p - death yak
Aim: a death yak (severely wounded, 83% to hit)
You shoot a sling bullet.
The sling bullet barely misses the death yak.
The hell rat bites you!
You feel drained. The death yak gores you!!
* * * LOW HITPOINT WARNING * * *
You block the hell rat's attack.
You feel much better. The death yak gores you. The hell rat closely misses you.
Fire: a) +2 sling (heavy)
Press: ? - help, Q - select action, (/) - cycle Shift-Dir - straight line, f/p - death yak
Aim: a death yak (severely wounded, 83% to hit)
You shoot a sling bullet.
The sling bullet hits the death yak but does no damage.
The death yak is severely wounded.
You block the death yak's attack.
The hell rat bites you but does no damage.
Fire: a) +2 sling (heavy)
Press: ? - help, Q - select action, (/) - cycle Shift-Dir - straight line, f/p - death yak
Aim: a death yak (severely wounded, 83% to hit)
You shoot a sling bullet.
The sling bullet barely misses the death yak.
The hell rat closely misses you. The death yak closely misses you.
The hell rat bites you.
* * * LOW HITPOINT WARNING * * *
You feel drained.
* * * LOW HITPOINT WARNING * * *
You feel yourself speed up. The death yak gores you!
You die...

.......'..).###.####......#.#.#.#
###...^####..##...........#.#.#.#
#....# ##..######......#.#.#.#
#....# ##...##.+....###.#.#.#
#.#### ###..#.#...## #.#.#.# #.#
##..[#...####.#.#.# #.#
#............#.... #.#
#...#########.##.# #.# #@(.#
#####...<. #.# #Yr.#####...#.....
#.# ########[#.....+...'.....
#.#####...)..#.#######...#..#..
#.....'....))..# #...#..#.#
#.#####........# #...#..#.# ###
#........# #...#..#.. #######..#
#####..#.# #..# #..#<#


You could see a death yak and a hell rat.

Vanquished Creatures
  Sigmund (D:2)
  3 yaks (D:5)
  Eustachio (D:5)
  Grum (D:8)
  A steam dragon (D:4)
  2 ice beasts
  An orc warrior (D:7)
  2 sky beasts
  A bullfrog (D:6)
  3 scorpions
  3 wights (D:8)
  4 killer bees
  An electric eel (D:6)
  2 hounds
  6 orc priests
  2 hell rats (D:8)
  4 iguanas
  5 orc wizards
  10 gnolls
  7 adders
  A shadow imp (D:6)
  An ufetubus (D:6)
  A worm (D:2)
  23 orcs
  9 ball pythons
  8 endoplasms
  5 giant cockroaches
  12 goblins
  4 hobgoblins
  4 jackals (D:4)
  12 kobolds
  3 quokkas
  3 bats
  5 frilled lizards
  8 rats
159 creatures vanquished.

Vanquished Creatures (collateral kills)
  A death yak (D:8)
  A cyclops (D:8)
  A water moccasin (D:4)
  An ice beast (D:7)
  An orc warrior (D:8)
  3 wolves (D:8)
  A kobold brigand (D:7)
  2 bullfrogs
  2 wights (D:8)
  3 killer bees
  A howler monkey (D:6)
  A hound (D:6)
  An orc priest (D:7)
  A sleepcap (D:5)
  3 iguanas
  An orc wizard (D:7)
  6 gnolls
  3 orcs
  2 giant cockroaches (D:4)
  A kobold (D:7)
  A rat (D:8)
37 creatures vanquished.

Vanquished Creatures (others)
  2 ancestors
  2 knights
4 creatures vanquished.

Grand Total: 200 creatures vanquished

Notes
Turn   | Place    | Note
-------+----------+-------------------------------------------
     0 | D:1      | porpoise the Barachi Hunter began the quest for the Orb.
     0 | D:1      | Reached XP level 1. HP: 17/17 MP: 1/1
   156 | D:1      | Reached XP level 2. HP: 23/23 MP: 2/2
   241 | D:1      | Reached skill level 1 in Armour
   421 | D:1      | Reached XP level 3. HP: 28/28 MP: 3/3
   424 | D:1      | Found Kel Zaus's Distillery.
   966 | D:2      | Reached XP level 4. HP: 35/35 MP: 4/4
   985 | D:2      | Noticed Sigmund
   994 | D:2      | Killed Sigmund
   995 | D:2      | Reached skill level 5 in Ranged Weapons
   995 | D:2      | Reached XP level 5. HP: 35/42 MP: 5/5
   995 | D:2      | Reached XP level 6. HP: 41/48 MP: 6/6
  1370 | D:3      | You fall into a shaft and drop 2 floors!
  1370 | D:5      | Entered Level 5 of the Dungeon
  1380 | D:5      | Noticed Eustachio
  1407 | D:5      | Found a staircase to the Ecumenical Temple.
  1432 | D:5      | Killed Eustachio
  1433 | D:5      | Reached skill level 6 in Ranged Weapons
  1640 | Temple   | Entered the Ecumenical Temple
  1654 | Temple   | Became a worshipper of Hepliaklqana the Forgotten
  1944 | D:3      | Found an ornate altar of the Wu Jian Council.
  1956 | D:3      | Reached XP level 7. HP: 55/55 MP: 7/7
  2064 | D:3      | Reached * piety under Hepliaklqana
  2134 | D:3      | Found a bloodstained altar of Trog.
  2167 | D:3      | Reached skill level 5 in Fighting
  2206 | D:3      | Found Hemisi's Weapon Shop.
  2626 | D:4      | Reached skill level 7 in Ranged Weapons
  2881 | D:4      | Found a broken altar of Ashenzari.
  2882 | D:4      | Noticed a steam dragon
  2888 | D:4      | Killed a steam dragon
  2889 | D:4      | Reached skill level 5 in Armour
  2889 | D:4      | Reached XP level 8. HP: 35/57 MP: 8/8
  3442 | D:5      | Found a white marble altar of Elyvilon.
  3446 | D:5      | Reached skill level 1 in Shields
  3473 | D:5      | Reached ** piety under Hepliaklqana
  3474 | D:5      | Remembered your ancestor Nikki as a knight
  3478 | D:5      | Found a sacrificial altar of Ru.
  3612 | D:5      | Found an ancient bone altar of Kikubaaqudgha.
  3620 | D:5      | Found a basalt altar of Yredelemnul.
  3623 | D:5      | Found a shadowy altar of Dithmenos.
  3623 | D:5      | Found a hide-covered altar of Uskayaw.
  3630 | D:5      | Found a snail-covered altar of Cheibriados.
  3780 | D:5      | Found Keacixach's Antique Armour Emporium.
  3789 | D:5      | Bought a glowing leather armour for 95 gold pieces
  3798 | D:5      | Reached skill level 8 in Ranged Weapons
  3922 | D:5      | Noticed a yak
  3922 | D:5      | Noticed a yak
  3922 | D:5      | Noticed a yak
  3936 | D:5      | Killed a yak
  3939 | D:5      | Killed a yak
  3940 | D:5      | Killed a yak
  4174 | D:6      | Found a radiant altar of Vehumet.
  4346 | D:6      | Reached skill level 9 in Ranged Weapons
  4346 | D:6      | Reached XP level 9. HP: 56/64 MP: 9/9
  4777 | D:7      | Reached skill level 10 in Ranged Weapons
  4783 | D:7      | Learned a level 4 spell: Olgreb's Toxic Radiance
  4804 | D:7      | Found Kiddesa's Self-Improvement Boutique.
  4871 | D:7      | Reached skill level 5 in Shields
  5486 | D:8      | Reached *** piety under Hepliaklqana
  5601 | D:8      | Reached skill level 11 in Ranged Weapons
  5602 | D:8      | Noticed Grum
  5608 | D:8      | Killed Grum
  5613 | D:8      | Reached XP level 10. HP: 71/71 MP: 10/10
  5719 | D:8      | Reached skill level 12 in Ranged Weapons
  6438 | D:8      | Reached skill level 1 in Invocations
  6641 | D:9      | Noticed a death yak
  6641 | D:9      | Noticed a death yak
  6641 | D:9      | Found a staircase to the Lair.
  6642 | D:9      | Noticed a death yak
  6654 | D:8      | Killed a death yak
  6826 | D:9      | Noticed a cyclops
  6830 | D:8      | Killed a cyclops
  6964 | D:8      | Slain by a death yak

Illustrated notes

Levels and vault maps discovered:
D:1:      matt_arrival_diagonals, layout_loops_ring, serial_shops,
          nicolae_lakefront_shop, minmay_pentomino_r4
D:2:      layout_loops_ring, uniq_sigmund
D:3:      layout_rooms, mainiacjoe_overflow_six_doors_small,
          mainiacjoe_overflow_cross_hatched, serial_shops,
          nicolae_shop_bloodbath_and_beyond, chequers_garden
D:4:      minmay_inner_zag, layout_layer_cave, nicolae_ashenzari_skybound,
          st_stairs_6
D:5:      layout_loops_ring, kennysheep_little_box,
          nicolae_overflow_hallway_of_the_gods, mainiacjoe_overflow_24_doors,
          minmay_temple_entry_antechambers, serial_shops,
          nicolae_inconvenience_store, uniq_eustachio
D:6:      layout_rooms, amcnicky_altar_gilded, kennysheep_generic_room_16
D:7:      layout_rooms, nicolae_shop_self_help
D:8:      layout_basic, uniq_grum
D:9:      layout_gridville, dpeg_lair_monsters, uniq_pikel
Temple:   hellmonk_temple_rainy

Skill      XL: |  1  2  3  4  5  6  7  8  9 10 |
---------------+-------------------------------+-----
Armour         | 1 3 5 |  5.1
Fighting       | 3 4 5 7 |  7.0
Ranged Weapons | 5 6 7 9 11 12 | 12.7
Shields        | 3 5 |  5.0
Invocations    | 2 |  2.2
Dodging        | 3 |  3.7
Stealth        | |  0.8

Action                     |  1- 3 |  4- 6 |  7- 9 | 10-12 || total
---------------------------+-------+-------+-------+-------++-------
  Melee: Dagger            |       |       |       |     4 ||     4
   Fire: Shortbow          |    16 |       |       |       ||    16
         Sling             |    50 |    70 |   270 |    83 ||   473
 Invoke: Ancestor Identity |       |       |     1 |       ||     1
         Ancestor Life: Kn |       |       |     1 |       ||     1
         Recall Ancestor   |       |       |       |     1 ||     1
    Use: Scroll            |       |     4 |     5 |     1 ||    10
         Potion            |       |       |       |     4 ||     4
 Armour: Ring mail         |    12 |    21 |    16 |       ||    49
         Steam dragon scal |       |       |    10 |    17 ||    27
  Dodge: Dodged            |    23 |    30 |    58 |    52 ||   163
  Block: Buckler           |       |       |     4 |    17 ||    21
